 Dungeon Crawl Stone Soup version 0.30-a0-879-ga8ba668304 (webtiles) character file.

Game seed: 4134116037480066576

171 pokeman the Magician (level 5, -5/29 HPs)
             Began as a Deep Elf Hedge Wizard on Mar 12, 2023.
             Slain by a river rat (7 damage)
             ... in a sewer.
             The game lasted 00:09:26 (3705 turns).

pokeman the Magician (Deep Elf Hedge Wizard)        Turns: 3705, Time: 00:09:26

Health: -5/29      AC:  3    Str:  7    XL:     5   Next: 26%
Magic:  1/15       EV: 13    Int: 21    God:
Gold:   53         SH:  5    Dex: 14    Spells: 8/16 levels left

rFire   . . .      SeeInvis .    j - +3 dagger
rCold   . . .      Faith    .    (no shield)
rNeg    . . .      Spirit   .    b - +0 robe
rPois   .          Reflect  +    c - +0 hat
rElec   .          Rampage  .    k - +0 cloak
rCorr   .                        (no gloves)
Will    +....                    (no boots)
Stlth   ++                       g - amulet of reflection
HPRegen 0.24/turn                r - ring of willpower
MPRegen 0.14/turn                (no ring)

@: no status effects
A: no striking features
a: no special abilities


You were in a sewer.
You visited 1 branch of the dungeon, and saw 4 of its levels.
You also visited: Sewer.

You collected 53 gold pieces.

Inventory:

Hand Weapons
 j - a +3 dagger (weapon)
Armour
 b - a +0 robe (worn)
 c - a +0 hat (worn)
 k - a +0 cloak (worn)
 t - a scarf of harm
Magical Staves
 o - a staff of fire
Jewellery
 g - an amulet of reflection (around neck)
 r - a ring of willpower (left hand)
Scrolls
 e - a scroll of enchant weapon {unknown}
 f - 5 scrolls of identify {unknown}
 i - a scroll of butterflies {unknown}
 m - a scroll of noise {unknown}
 n - 2 scrolls of teleportation {unknown}
 p - a scroll of amnesia {unknown}
Potions
 a - 3 potions of curing
 d - a potion of magic
 h - a potion of resistance {unknown}
 l - a potion of might {unknown}
 q - a potion of berserk rage {unknown}
 s - a potion of haste {unknown}
 u - 2 potions of brilliance {unknown}


   Skills:
 - Level 1.0 Fighting
 - Level 1.0 Armour
 - Level 3.0 Dodging
 - Level 3.0 Stealth
 * Level 6.2 Spellcasting
 + Level 2.5 Conjurations
 - Level 1.1 Summonings
 - Level 1.1 Translocations
 + Level 0.4 Fire Magic
 + Level 0.7 Evocations


You had 8 spell levels left.
You knew the following spells:

 Your Spells              Type           Power      Damage    Failure   Level
a - Magic Dart            Conj           68%        1d6       3%          1
b - Mephitic Cloud        Conj/Pois/Air  10%        N/A       21%         3
c - Call Imp              Summ           11%        N/A       10%         2
d - Blink                 Tloc           22%        N/A       10%         2

Your spell library contained the following spells:

 Spells                   Type           Power      Damage    Failure   Level
 Apportation              Tloc           22%        N/A       6%          1
 Summon Small Mammal      Summ           44%        N/A       6%          1
 Necrotise                Necr           24%        1d5       10%         1
 Slow                     Hex            24%        N/A       10%         1
 Cigotuvi's Dreadful Rot  Necr/Pois/Air  12%        N/A       14%         2


Dungeon Overview and Level Annotations

Branches:
Dungeon (4/15)              Sewer (1/1)
 Temple: D:4-7

Altars:
Nemelex Xobeh


Message History

The ball python appears confused.
The ball python is engulfed in noxious fumes.
The ball python appears confused.
The ball python bites the ball python.
Your crimson imp barely misses the river rat.
You feel less confused.
The ball python is engulfed in noxious fumes.
The ball python appears confused.
The river rat is engulfed in noxious fumes.
The river rat appears confused.
The river rat bites the ball python.
The ball python is killed!
Your crimson imp closely misses the rat.
You hit the ball python.
You kill the ball python!
The river rat is engulfed in noxious fumes.
The river rat appears confused.
The river rat closely misses your crimson imp.
Unknown command.
The river rat closely misses you.
Your crimson imp closely misses the river rat.
Things that are here:
a +0 dagger; 2 stones; a kobold corpse You barely miss the river rat.
The river rat closely misses you.
Your crimson imp barely misses the river rat.
You hit the river rat.
The river rat is moderately wounded.
Your crimson imp hits the rat.
The rat dies!
The river rat bites you.
* * * LOW HITPOINT WARNING * * *
The river rat bites you.
* * * LOW HITPOINT WARNING * * *
The river rat closely misses the river rat.
The river rat bites itself but does no damage.
There is an open door, spattered with blood here.
Items here: )) ††††.
The river rat twitches its whiskers.
You hit the river rat.
The river rat is heavily wounded.
The river rat barely misses you. The river rat bites you!
You die...

# # #≈ ##### # #≈≈ ####
##...####
#≈≈#########..###......##
#≈≈#..#..#...........†...
#≈≈#....@#.r..........†..
#≈≈##...rr.5............†
#≈≈#.....#†~~~~~.~.......
#≈≈#..#..#≈≈≈≈≈≈≈≈~.~.~†r
#≈≈#######≈≈≈≈≈≈≈≈≈≈≈.~..
#≈ #≈≈≈≈≈≈≈≈≈≈≈≈≈≈~ #
#≈≈≈≈≈≈≈≈≈≈≈≈≈≈≈≈
#≈#≈≈≈≈≈≈≈≈≈≈≈≈≈≈≈
≈#≈≈≈≈≈≈≈≈≈≈≈≈≈rrr


You could see 2 river rats and a friendly crimson imp (summoned).

Vanquished Creatures
  An orc wizard (D:3)
  4 adders
  6 worms
  2 dart slugs
  3 orcs
  5 bats
  3 endoplasms
  A giant cockroach (D:4)
  3 goblins
  7 hobgoblins
  5 quokkas
  16 ball pythons
  8 kobolds
  20 rats
84 creatures vanquished.

Vanquished Creatures (collateral kills)
  An orc (D:3)
  A hobgoblin (D:3)
  A kobold (D:3)
  A rat (Sewer)
4 creatures vanquished.

Grand Total: 88 creatures vanquished

Notes
Turn   | Place    | Note
-------+----------+-------------------------------------------
     0 | D:1      | pokeman the Deep Elf Hedge Wizard began the quest for the
                  | Orb.
     0 | D:1      | Reached XP level 1. HP: 10/10 MP: 7/7
   233 | D:1      | Found a faded altar of an unknown god.
   238 | D:1      | Reached XP level 2. HP: 15/15 MP: 5/9
   924 | D:2      | Reached skill level 5 in Spellcasting
   940 | D:2      | Found a sparkling altar of Nemelex Xobeh.
  1125 | D:2      | Reached XP level 3. HP: 20/20 MP: 3/11
  1129 | D:2      | Learned a level 3 spell: Mephitic Cloud
  1132 | D:2      | Learned a level 2 spell: Call Imp
  1135 | D:2      | Learned a level 2 spell: Blink
  1647 | D:2      | Reached skill level 1 in Fighting
  2026 | D:3      | Reached skill level 1 in Armour
  2582 | D:3      | Reached XP level 4. HP: 25/25 MP: 6/13
  3085 | D:4      | Noticed a scorpion
  3268 | D:4      | Reached skill level 6 in Spellcasting
  3366 | D:4      | Found a glowing drain.
  3373 | Sewer    | Entered a sewer
  3511 | Sewer    | Reached XP level 5. HP: 29/29 MP: 12/15
  3686 | Sewer    | HP: 1/29 [ball python (3)]
  3705 | Sewer    | Slain by a river rat

Illustrated notes

Levels and vault maps discovered:
D:1:      eino_arrival_tree_alley, layout_rooms,
          hellmonk_ecumenical_altar_pennies_from_heaven
D:2:      layout_basic, basic_altar, corexii_leaking_fountain, minivault_19
D:3:      layout_basic
D:4:      layout_gridville, portal_sewer_entry_e, minmay_misc_feat_enclosed
Sewer:    sewer_minmay_treatment

Skill      XL: |  1  2  3  4 |
---------------+-------------+-----
Spellcasting   | 5 6 |  6.2
Fighting       | 1 |  1.0
Armour         | 1 |  1.0
Conjurations   | 2 |  2.5
Stealth        | 3 |  3.0
Dodging        | 3 |  3.0
Summonings     | |  1.1
Translocations | |  1.1
Fire Magic     | |  0.4
Evocations     | |  0.7

Action                     |  1- 3 |  4- 6 || total
---------------------------+-------+-------++-------
  Melee: Dagger            |    15 |    20 ||    35
   Cast: Magic Dart        |   136 |    67 ||   203
         Call Imp          |     1 |     1 ||     2
         Mephitic Cloud    |       |     5 ||     5
    Use: Potion            |       |     1 ||     1
   Stab: Confused          |       |     2 ||     2
 Armour: Robe              |     5 |     7 ||    12
  Dodge: Dodged            |    18 |    63 ||    81
  Block: Other             |     2 |    17 ||    19
         Reflection        |       |     2 ||     2

Table legend: (Time is in decaauts)
 A = Elapsed time spent in this place.
 B = Non-inter-level travel time spent in this place.
 C = Inter-level travel time spent in this place.
 D = Time resting spent in this place.
 E = Time spent auto-exploring this place.
 F = Levels seen in this place.
 G = Mean time per level.
                   A        B        C        D        E       F      G
               +--------+--------+--------+--------+--------+-----+--------+
         Total |   3705 |   3656 |     49 |    142 |   2785 |   5 |  741.0 |
       Dungeon |   3373 |   3324 |     49 |    142 |   2542 |   4 |  843.2 |
         Sewer |    331 |    331 |      0 |      0 |    243 |   1 |  331.0 |
               +--------+--------+--------+--------+--------+-----+--------+

Top non-repeatable levels by time:
     D:3: 1042 daAuts
     D:2: 1040 daAuts
     D:1: 817 daAuts
     D:4: 472 daAuts
   Sewer: 331 daAuts
